 Dungeon Crawl Stone Soup version 0.27.1-34-g3ba077fa99 (webtiles) character file.

Game seed: 7482215909364499011

1444 pkoi the Destroyer (level 8, -2/57 HPs)
             Began as a Black Draconian Conjurer on Jan 26, 2022.
             Was an Initiate of Sif Muna.
             Slain by a two-headed ogre (21 damage)
             ... on level 6 of the Dungeon.
             The game lasted 00:09:16 (6847 turns).

pkoi the Destroyer (Black Draconian Conjurer)       Turns: 6847, Time: 00:09:17

Health: -2/57      AC:  7    Str: 16    XL:     8   Next: 46%
Magic:  8/16       EV: 12    Int: 20    God:    Sif Muna [......]
Gold:   199        SH:  0    Dex: 10    Spells: 14/18 levels left

rFire    + . .     SeeInvis .   b - +1 short sword (protect)
rCold    + . .     Faith    .   (no shield)
rNeg     . . .     Spirit   .   (armour unavailable)
rPois    .         Reflect  .   (helmet restricted)
rElec    +         Harm     .   n - scarf {rC+ rF+}
rCorr    .         Rampage  .   (no gloves)
Will     .....                  h - +0 pair of boots
Stlth    ++........             (no amulet)
HPRegen  0.19/turn              d - +6 ring of strength
MPRegen  0.15/turn              m - +4 ring of slaying

@: no status effects
A: breathe lightning, AC +6, unfitting armour, electricity resistance,
cold-blooded
a: Breathe Lightning, Renounce Religion


You were on level 6 of the Dungeon.
You worshipped Sif Muna.
Sif Muna was noncommittal.
You visited 2 branches of the dungeon, and saw 7 of its levels.

You collected 199 gold pieces.

Inventory:

Hand Weapons
 a - a +0 dagger of flaming
 b - a +1 short sword of protection (weapon)
 p - a +1 dagger of electrocution
Missiles
 t - a throwing net
Armour
 h - a +0 pair of boots (worn)
 n - a scarf of resistance (worn)
Magical Staves
 o - a staff of air
Jewellery
 d - a +6 ring of strength (left hand)
 m - a +4 ring of slaying (right hand)
Wands
 i - a wand of acid (8)
 l - a wand of flame (15)
 q - a wand of paralysis (4)
Scrolls
 e - 3 scrolls of teleportation
 k - a scroll of brand weapon
 v - a scroll of identify
Potions
 c - a potion of flight {unknown}
 f - a potion of might {unknown}
 g - 2 potions of ambrosia
 j - a potion of curing
 r - a potion of haste
 s - a potion of brilliance
 u - a potion of lignification {unknown}


   Skills:
 - Level 1.7 Dodging
 - Level 1.7 Stealth
 + Level 5.8 Spellcasting
 * Level 9.4 Conjurations
 + Level 0.6 Translocations
 + Level 0.8 Air Magic


You had 14 spell levels left.
You knew the following spells:

 Your Spells              Type           Power      Damage    Failure   Level
a - Magic Dart            Conj           100%       1d8       1%          1
b - Searing Ray           Conj           86%        3d6       1%          2
c - Apportation           Tloc           16%        N/A       9%          1

Your spell library contained the following spells:

 Spells                   Type           Power      Damage    Failure   Level
 Dazzling Flash           Conj/Hex       48%        N/A       4%          3
 Animate Skeleton         Necr           10%        N/A       11%         1
 Corona                   Hex            5%         N/A       11%         1
 Sandblast                Erth           10%        2d5       11%         1
 Summon Small Mammal      Summ           20%        N/A       11%         1
 Iskenderun's Mystic Bla  Conj/Tloc      25%        2d7       14%         4
 Passwall                 Tmut/Erth      4%         N/A       16%         2
 Fulminant Prism          Conj/Hex       12%        3d9       16%         4
 Hailstorm                Conj/Ice       24%        3d7       16%         4
 Ice Form                 Ice/Tmut       5%         N/A       71%         4
 Lee's Rapid Deconstruct  Erth           2%         3d6*      96%         5
 Simulacrum               Ice/Necr       2%         N/A       100%        6


Dungeon Overview and Level Annotations

Branches:
Dungeon (6/15)             Temple (1/1) D:5

Altars:
Ashenzari
Cheibriados
Elyvilon
Fedhas
Hepliaklqana
Kikubaaqudgha
Nemelex Xobeh
Okawaru
Qazlal
Sif Muna
Trog
Uskayaw
Vehumet
Wu Jian
Xom
Yredelemnul
Zin
The Shining One

Shops:
D:4 *

Annotations:
D:6 Sigmund


Innate Abilities, Weirdness & Mutations

You can breathe wild blasts of lightning.
Your glossy black scales are hard. (AC +6)
You cannot fit into any form of body armour.
You are resistant to electric shocks. (rElec)
You are cold-blooded and may be slowed by cold attacks.


Message History

Aim: a howler monkey (severely wounded, catching its breath, 80% to hit)
The searing ray hits the howler monkey!
You kill the howler monkey!
Sif Muna accepts your kill. (Press . to maintain the ray.)
The searing ray hits the two-headed ogre!!
The two-headed ogre is moderately wounded.
The searing ray hits the two-headed ogre!
The two-headed ogre is heavily wounded.
The searing ray hits the iguana!
The iguana is severely wounded.
Sigmund the Dreaded comes into view.
He is wielding a +0 scythe.
The searing ray hits the two-headed ogre!
The two-headed ogre is severely wounded.
The searing ray hits the iguana.
You kill the iguana!
Sif Muna accepts your kill.
You finish channeling your searing ray.
Sigmund points at you and mumbles some strange words.
The magic dart hits you.
There is a stone staircase leading up here.
You see here a +6 ring of strength.
Casting: Searing Ray (safe; 1% risk of failure)
Confirm with . or Enter, or press ? or * to list all spells.
Aiming: Searing Ray (safe; 1% risk of failure)
Press: ? - help, Shift-Dir - straight line, f - two-headed ogre
Aim: a two-headed ogre, wielding a +0 giant club and a +0 giant spiked club (heavily wounded, 91% to hit)
The searing ray hits the two-headed ogre.
The two-headed ogre is heavily wounded. (Press . to maintain the ray.)
The two-headed ogre closely misses you. The two-headed ogre barely misses you.
The searing ray hits the two-headed ogre!
The two-headed ogre is severely wounded.
The two-headed ogre hits you with a +0 giant club!
The two-headed ogre hits you with a +0 giant spiked club!!
* * * LOW HITPOINT WARNING * * *
The searing ray hits the two-headed ogre!
The two-headed ogre is almost dead.
The two-headed ogre hits you with a +0 giant club!!
You die...

##..###...##
#.....#....#
#.....#....#
#.....#....#
#.....'....#
#.....#....# ######
####..#...##
##.....####@.#######
.......@O.....#
..............#
..............#
#+##...######## ####


You could see a two-headed ogre and Sigmund.

Vanquished Creatures
  Eustachio (D:4)
  Menkaure (D:4)
  A black bear (D:5)
  A necrophage (D:5)
  An ogre (D:4)
  A centaur (D:5)
  A bullfrog (D:6)
  3 scorpions (D:5)
  A howler monkey (D:6)
  A jelly (D:4)
  A centaur skeleton (D:6)
  A centaur zombie (D:5)
  An orc priest (D:4)
  Ijyb (D:4)
  A gnoll shaman (D:5)
  3 hounds (D:5)
  An iguana (D:6)
  2 orc wizards (D:5)
  9 gnolls (D:5)
  4 adders
  An ufetubus (D:6)
  2 worms
  A dart slug (D:2)
  6 orcs
  11 ball pythons
  5 bats
  6 endoplasms
  6 giant cockroaches
  7 goblins
  5 hobgoblins
  3 jackals (D:5)
  3 quokkas
  A frilled lizard (D:1)
  8 kobolds
  10 rats
111 creatures vanquished.

Notes
Turn   | Place    | Note
-------+----------+-------------------------------------------
     0 | D:1      | pkoi the Draconian Conjurer began the quest for the Orb.
     0 | D:1      | Reached XP level 1. HP: 14/14 MP: 3/3
   491 | D:1      | Reached XP level 2. HP: 20/20 MP: 1/5
   762 | D:1      | Learned a level 1 spell: Apportation
  1320 | D:2      | Reached XP level 3. HP: 26/26 MP: 4/6
  1394 | D:2      | Found a faded altar of an unknown god.
  1750 | D:2      | Learned a level 2 spell: Searing Ray
  1759 | D:2      | Reached skill level 5 in Conjurations
  2609 | D:3      | Reached XP level 4. HP: 33/33 MP: 3/8
  3343 | D:4      | Noticed Menkaure
  3349 | D:4      | Killed Menkaure
  3350 | D:4      | Reached skill level 6 in Conjurations
  3350 | D:4      | Reached XP level 5. HP: 38/38 MP: 3/10
  3479 | D:4      | Noticed Ijyb
  3496 | D:4      | Killed Ijyb
  3579 | D:4      | Reached XP level 6. HP: 45/45 MP: 6/11
  3725 | D:4      | Found Bedgh's Neck Hole.
  4051 | D:4      | Found a shimmering altar of Xom.
  4217 | D:4      | Noticed Eustachio
  4246 | D:4      | Killed Eustachio
  4247 | D:4      | Reached skill level 7 in Conjurations
  4247 | D:4      | Your scales start taking on a glossy black colour.
  4247 | D:4      | Reached XP level 7. HP: 44/50 MP: 10/13
  4247 | D:4      | Gained mutation: You are resistant to electric shocks.
                  | (rElec) [Black Draconian growth]
  4683 | D:5      | Entered Level 5 of the Dungeon
  4946 | D:5      | Reached skill level 8 in Conjurations
  5035 | D:5      | Reached skill level 5 in Spellcasting
  5297 | D:5      | Found a blossoming altar of Fedhas.
  5465 | D:5      | Reached XP level 8. HP: 57/57 MP: 10/15
  5831 | D:5      | Reached skill level 9 in Conjurations
  6070 | D:5      | Found a staircase to the Ecumenical Temple.
  6080 | Temple   | Entered the Ecumenical Temple
  6381 | Temple   | Became a worshipper of Sif Muna the Loreminder
  6806 | D:6      | Noticed a two-headed ogre
  6830 | D:6      | Noticed Sigmund
  6847 | D:6      | Slain by a two-headed ogre

Illustrated notes

Levels and vault maps discovered:
D:1:      dpeg_arrival_ratfight, layout_basic, minivault_4
D:2:      layout_loops_ring, hellmonk_ecumenical_altar_slurped_away,
          minmay_tetromino_i2
D:3:      layout_basic
D:4:      layout_basic, general_overflow_altar,
          nicolae_shop_sticking_my_neck_out, uniq_menkaure, uniq_eustachio,
          uniq_ijyb
D:5:      layout_basic, fedhas_ov_isle_minmay, minmay_temple_entry_junction,
          minmay_strange_pillars
D:6:      layout_gridville, mainiacjoe_overflow_catwalk, minmay_manual_moon,
          uniq_sigmund, uniq_crazy_yiuf_cottage
Temple:   minmay_temple_bridge_d

Skill      XL: |  1  2  3  4  5  6  7  8 |
---------------+-------------------------+-----
Conjurations   | 5 6 7 8 9 |  9.4
Spellcasting   | 3 4 5 |  5.8
Dodging        | |  1.7
Stealth        | |  1.7
Translocations | |  0.6
Air Magic      | |  0.8

Action                   |  1- 3 |  4- 6 |  7- 9 || total
-------------------------+-------+-------+-------++-------
Melee: Unarmed           |     1 |       |       ||     1
       Short sword       |    13 |     3 |     2 ||    18
       Tailslap          |     2 |     2 |     1 ||     5
       Dagger            |       |    11 |       ||    11
 Cast: Magic Dart        |    90 |    22 |    36 ||   148
       Searing Ray       |       |     7 |    22 ||    29
       Apportation       |       |     1 |       ||     1
  Use: Scroll            |     2 |     8 |       ||    10
       Potion            |       |     1 |       ||     1
Armor: Skin              |     9 |     1 |    12 ||    22
Dodge: Dodged            |    19 |    13 |    11 ||    43
